 Dungeon Crawl Stone Soup version 0.31-a0-986-g5e6e4ef867 (webtiles) character file.

Game seed: 1762619781089907318

61635 mattiecakes the Peltast (level 15, -4/97 HPs)
             Began as a Gargoyle Fighter on Nov 14, 2023.
             Was a High Priest of Qazlal.
             Killed by divine providence
             ... invoked by an orc priest
              (11 damage)
             ... on level 2 of the Orcish Mines.
             The game lasted 00:45:22 (20855 turns).

mattiecakes the Peltast (Gargoyle Fighter)         Turns: 20855, Time: 00:45:23

Health: -4/97      AC: 40    Str: 36    XL:     15   Next: 3%
Magic:  24/24      EV:  8    Int:  9    God:    Qazlal [*****.]
Gold:   2362       SH:  0    Dex:  9    Spells: 14/14 levels left

rFire   . . .        j - +9 spear of Checks and Balances {freeze, Str+3}
rCold   . . .        c - +0 buckler
rNeg    + . .        H - +2 plate armour {rPois}
rPois   ∞            r - +1 helmet
rElec   +            b - +0 cloak {rCorr}
rCorr   +            L - +2 pair of gloves
SInv    .            (no boots)
Will    +....        (no amulet) Stlth
                     v - +4 ring of protection
HPRegen 0.36/turn    w - +6 ring of strength
MPRegen 0.19/turn

%: repel missiles
@: confused, flying, studying Shields
A: sickness immunity, AC +11, big wings, negative energy resistance 1,
electricity resistance, torment resistance 1, petrification resistance
a: Renounce Religion, Upheaval, Elemental Force, Disaster Area


You were on level 2 of the Orcish Mines.
You worshipped Qazlal.
Qazlal was extremely pleased with you.
You visited 4 branches of the dungeon, and saw 20 of its levels.

You collected 2362 gold pieces.

Inventory:

Hand Weapons
 a - a +1 war axe of chaos
 j - the +9 spear of Checks and Balances (weapon) {freeze, Str+3}
   (You found it on level 2 of the Lair of Beasts)

   Str+3:     It affects your strength (+3).
Armour
 b - a +0 cloak of preservation (worn)
 c - a +0 buckler (worn)
 i - a scarf of repulsion
 r - a +1 helmet (worn)
 H - a +2 plate armour of poison resistance (worn)
 L - a +2 pair of gloves (worn)
Jewellery
 v - a +4 ring of protection (left hand)
 w - a +6 ring of strength (right hand)
 Q - a ring of protection from fire
Wands
 o - a wand of mindburst (26)
 s - a wand of charming (9)
 z - a wand of polymorph (25)
 C - a wand of roots (4)
 J - a wand of digging (5)
 N - a wand of flame (8)
Scrolls
 f - 2 scrolls of amnesia
 h - 2 scrolls of enchant weapon
 k - 3 scrolls of immolation
 m - a scroll of fear
 p - 8 scrolls of teleportation
 q - 3 scrolls of fog
 y - a scroll of summoning {unknown}
 A - a scroll of noise {unknown}
 D - a scroll of brand weapon
 F - a scroll of poison
 G - 2 scrolls of enchant armour
 P - a scroll of torment {unknown}
Potions
 d - 2 potions of mutation
 e - 2 potions of ambrosia
 g - a potion of resistance
 l - a potion of attraction
 n - 5 potions of brilliance
 t - 2 potions of cancellation
 u - 2 potions of might
 x - 4 potions of curing
 B - 2 potions of enlightenment {unknown}
 E - a potion of lignification {unknown}
 I - 3 potions of haste
 K - a potion of heal wounds
 M - a potion of invisibility {unknown}
 O - a potion of magic {unknown}


   Skills:
 + Level 12.7 Fighting
 - Level 8.3(10.2) Axes
 + Level 9.4(10.8) Polearms
 + Level 12.6 Armour
 + Level 15.0 Shields
 + Level 13.3 Invocations


You had 14 spell levels left.
You didn't know any spells.
Your spell library contained the following spells:

 Spells                   Type           Power      Damage    Failure   Level
 Apportation              Tloc           0%         N/A       90%         1
 Freeze                   Ice            0%         1d3       90%         1
 Slow                     Hex            0%         N/A       90%         1
 Summon Small Mammal      Summ           0%         N/A       90%         1
 Blink                    Tloc           0%         N/A       97%         2
 Jinxbite                 Hex            0%         N/A       97%         2
 Poisonous Vapours        Pois/Air       0%         N/A       97%         2
 Call Canine Familiar     Summ           0%         N/A       99%         3
 Confusing Touch          Hex            0%         N/A       99%         3
 Frozen Ramparts          Ice            0%         1d1       99%         3
 Hailstorm                Conj/Ice       0%         3d3       99%         3
 Mephitic Cloud           Conj/Pois/Air  0%         N/A       99%         3
 Sigil of Binding         Hex            0%         N/A       99%         3
 Summon Guardian Golem    Hex/Summ       0%         N/A       99%         3
 Tukima's Dance           Hex            0%         N/A       99%         3
 Vampiric Draining        Necr           0%         2d6       99%         3
 Animate Armour           Summ/Erth      0%         N/A       100%        4
 Brom's Barrelling Bould  Conj/Erth      0%         2d3       100%        4
 Dimensional Bullseye     Hex/Tloc       0%         N/A       100%        4
 Iskenderun's Mystic Bla  Conj/Tloc      0%         2d3       100%        4
 Manifold Assault         Tloc           0%         N/A       100%        4
 Passage of Golubria      Tloc           0%         N/A       100%        4
 Summon Lightning Spire   Summ/Air       0%         N/A       100%        4
 Alistair's Intoxication  Tmut/Pois      0%         N/A       100%        5
 Fireball                 Conj/Fire      0%         3d3       100%        5
 Freezing Cloud           Conj/Ice/Air   0%         6-21      100%        5
 Iskenderun's Battlesphe  Conj           0%         2d6       100%        5
 Lee's Rapid Deconstruct  Erth           0%         3d4*      100%        5
 Silence                  Hex/Air        0%         N/A       100%        5
 Bombard                  Conj/Erth      0%         9d1       100%        6
 Conjure Ball Lightning   Conj/Air       0%         3x3d6     100%        6
 Orb of Destruction       Conj           0%         9d5       100%        7
 Spellforged Servitor     Conj/Summ      0%         N/A       100%        7
 Lehudib's Crystal Spear  Conj/Erth      0%         10d2      100%        8


Dungeon Overview and Level Annotations

Branches:
Dungeon (12/15)            Temple (1/1) D:6            Lair (5/5) D:8
  Swamp (0/4) Lair:2        Snake (0/4) Lair:3        Slime (0/5) Lair:4
    Orc (2/2) D:11            Elf (0/3) Orc:2

Altars:
Ashenzari
Cheibriados
Dithmenos
Elyvilon
Fedhas
Gozag
Hepliaklqana
Kikubaaqudgha
Makhleb
Nemelex Xobeh
Okawaru
Qazlal
Ru
Sif Muna
Trog
Uskayaw
Vehumet
Wu Jian
Xom
Yredelemnul
Zin
The Shining One

Portals:
Trove: D:11 (give 2 scrolls of acquirement)


Innate Abilities, Weirdness & Mutations

You are immune to sickness and miasma.
Your stone body is resilient. (AC +11)
You are immune to poison.
Your large and strong wings let you fly.
You resist negative energy. (rN+)
You are resistant to electric shocks. (rElec)
You are resistant to unholy torment.
You are immune to petrification.


Message History

You are confused.
An orc high priest comes into view. It is wielding a +0 dire flail.
The orc knight hits you with a +2 great sword!
* * * LOW HITPOINT WARNING * * *
The orc high priest says, "All sinners must die."
The orc high priest hits you but does no damage.
The orc wizard hits you but does no damage.
The orc hits you but does no damage.
You closely miss the orc high priest.
The orc high priest is heavily wounded.
You hear a shout! x2
The ice devil hits you but does no damage.
The ice devil is engulfed in a thunderstorm.
You're too confused to move!
You hear a shout!
The orc warrior hits you but does no damage.
The orc priest miscasts a cantrip.
The orc priest invokes the aid of Beogh against you.
Beogh smites you!
* * * LOW HITPOINT WARNING * * *
The orc knight roars a battlecry!
The orcs go into a battle-frenzy!
The orc high priest is engulfed in blazing flames.
The orc high priest calls upon Beogh to heal the orc warrior.
The orc warrior is healed somewhat.
The orc wizard is engulfed in freezing vapours.
The orc wizard closely misses you.
An orc sorcerer comes into view. It is wielding a +2 dagger of venom.
The orc hits you but does no damage.
The ice devil hits you but does no damage.
You puncture the orc high priest! You freeze the orc high priest.
The orc high priest is almost dead.
The orc warrior hits you with a +1 scimitar of holy wrath.
* * * LOW HITPOINT WARNING * * *
The orc priest calls down the wrath of Beogh upon you.
Beogh smites you!
* * * LOW HITPOINT WARNING * * *
The orc priest calls down the wrath of Beogh upon you.
Beogh smites you!
You die...

### ### ############
##.#####.###.##.#..#..#.
#....#.....................
##..............#..........
#...#.###.................
#...###...................
###.#.#....#..○4oo.o.......
#.....)#......4o@°°o.......
###..).##.....°oo#oo.......
..)..)...#..#.##oo.........
.)..).......###......o...o.
...........## ##.....o.....
.####......# #.......o...
...####....# ##..........
....#......# ##########o
...#.....###


You could see an orc warlord (strong), an orc knight, 2 orc high priests, 2 ice
devils, an orc sorcerer, 3 orc warriors, 2 orc priests, 2 orc wizards and 2
orcs.

Vanquished Creatures
  Rupert (Lair:4)
  Gastronok (D:8)
  Snorg (Lair:5)
  3 hydras
  The ghost of Dittersdorf the Fighter, a journeyman HuFi (D:10)
  Erolcha (D:10)
  Harold (Lair:1)
  A catoblepas (Lair:5)
  2 two-headed ogres
  A deep troll shaman (Lair:5)
  2 boulder beetles (D:12)
  8 death yaks
  Urug (D:10)
  Sonja (D:12)
  A skyshark (Lair:3)
  A swamp dragon (Lair:2)
  3 oklob plants (Lair:5)
  4 orc sorcerers
  An ugly thing (D:11)
  7 cyclopes
  A manticore (D:11)
  Joseph (D:7)
  5 black mambas
  15 elephants
  Maurice (D:11)
  10 cane toads
  Maggie (D:8)
  A kobold demonologist (D:12)
  3 unseen horrors
  Jeremiah (D:8)
  9 komodo dragons
  3 rime drakes
  3 trolls
  A polar bear (Lair:5)
  A glass eye (Lair:5)
  6 blink frogs
  5 dream sheep (Lair:3)
  4 slime creatures (D:12)
  A ynoxinul (D:10)
  6 wyverns
  37 yaks
  A human (D:11)
  4 shadows
  A basilisk (Lair:4)
  Grum (D:8)
  A redback (shapeshifter) (Lair:1)
  2 steam dragons
  5 wargs
  2 acid dragons (D:11)
  3 nagas (Lair:3)
  17 water moccasins
  12 orc warriors
  3 ice beasts
  A sky beast (D:7)
  4 black bears
  4 ogres
  A centaur (D:9)
  A tengu (Lair:1)
  16 wolves
  A phantom (D:5)
  2 kobold brigands
  14 bullfrogs
  3 scorpions
  11 wights
  A water moccasin zombie (Lair:2)
  A yak zombie (Lair:1)
  3 killer bees (D:11)
  3 howler monkeys (D:8)
  A lava snake (D:9)
  2 jellies
  17 orc priests
  8 iguanas
  16 orc wizards
  2 sleepcaps
  Ijyb (D:5)
  7 hell rats (Lair:1)
  Robin (D:4)
  3 gnolls (D:6)
  10 adders
  2 white imps
  2 ufetubi (D:5)
  A dart slug (D:2)
  54 orcs
  6 ball pythons
  4 bats
  5 endoplasms
  2 giant cockroaches
  7 hobgoblins
  3 jackals (D:1)
  28 kobolds
  5 quokkas
  A ball python skeleton (D:3)
  3 frilled lizards
  A giant cockroach zombie (D:3)
  11 goblins
  7 rats
485 creatures vanquished.

Vanquished Creatures (collateral kills)
  3 elephants (Lair:5)
  A polar bear (Lair:5)
  5 yaks
  A basilisk (Lair:5)
  2 water moccasins
  An iguana (Lair:2)
13 creatures vanquished.

Vanquished Creatures (others)
  An orc warrior (D:6)
  A human (D:10)
  A gnoll (D:6)
  A white imp (D:6)
  2 orcs (D:6)
6 creatures vanquished.

Grand Total: 504 creatures vanquished

Notes
Turn   | Place    | Note
-------+----------+-------------------------------------------
     0 | D:1      | mattiecakes the Gargoyle Fighter began the quest for the
                  | Orb.
     0 | D:1      | Reached XP level 1. HP: 14/14 MP: 1/1
    69 | D:1      | Reached XP level 2. HP: 19/19 MP: 2/2
   130 | D:1      | Found a faded altar of an unknown god.
   468 | D:2      | Reached XP level 3. HP: 19/23 MP: 3/3
  1393 | D:3      | Reached XP level 4. HP: 29/29 MP: 4/4
  1670 | D:4      | Noticed Robin
  1679 | D:4      | Noticed a scorpion
  1684 | D:4      | Killed Robin
  1685 | D:4      | Reached skill level 4 in Shields
  1690 | D:4      | Killed a scorpion
  1691 | D:4      | Reached XP level 5. HP: 27/33 MP: 5/5
  2133 | D:4      | Reached XP level 6. HP: 35/39 MP: 6/6
  2357 | D:5      | Entered Level 5 of the Dungeon
  2384 | D:5      | Noticed Ijyb
  2410 | D:5      | Killed Ijyb
  2618 | D:5      | Reached skill level 5 in Fighting
  2618 | D:5      | Reached skill level 5 in Armour
  2618 | D:5      | Reached skill level 5 in Shields
  2618 | D:5      | Reached XP level 7. HP: 23/44 MP: 7/7
  3469 | D:6      | Reached XP level 8. HP: 45/51 MP: 8/8
  3717 | D:6      | Reached skill level 6 in Shields
  4187 | D:6      | Found a staircase to the Ecumenical Temple.
  4279 | Temple   | Entered the Ecumenical Temple
  4297 | Temple   | Became a worshipper of Qazlal Stormbringer
  4397 | D:6      | Reached skill level 5 in Axes
  4407 | D:6      | Found a shimmering altar of Xom.
  4481 | D:6      | Reached XP level 9. HP: 12/56 MP: 9/9
  4691 | D:6      | Reached skill level 7 in Shields
  4813 | D:7      | Noticed Joseph
  4842 | D:7      | Killed Joseph
  5897 | D:8      | Noticed Grum
  5911 | D:8      | Killed Grum
  5912 | D:8      | Reached skill level 8 in Shields
  6058 | D:8      | Reached * piety under Qazlal
  6194 | D:8      | Found a staircase to the Lair.
  6232 | D:8      | Reached XP level 10. HP: 59/64 MP: 10/10
  6763 | D:8      | Noticed Maggie
  6781 | D:8      | Killed Maggie
  6790 | D:8      | Noticed Gastronok
  6803 | D:8      | Noticed Jeremiah
  7018 | D:13     | Identified the of Yxopnum
  7018 | Lair:1   | Entered Level 1 of the Lair of Beasts
  7018 | Lair:1   | Noticed Harold
  7032 | Lair:1   | Killed Harold
  7091 | Lair:1   | Reached skill level 9 in Shields
  7480 | Lair:1   | Identified a scroll of acquirement
  7480 | Lair:1   | Acquired a manual of Shields
  7527 | Lair:1   | Noticed a cane toad
  7531 | Lair:1   | Killed a cane toad
  7558 | Lair:1   | Reached XP level 11. HP: 55/71 MP: 11/11
  7683 | Lair:1   | Reached ** piety under Qazlal
  7777 | Lair:1   | Reached skill level 10 in Shields
  7781 | Lair:1   | Reached skill level 1 in Invocations
  8073 | D:8      | Reached skill level 10 in Fighting
  8073 | D:8      | Reached skill level 10 in Armour
  8152 | Lair:1   | a shapeshifter changed into a fire crab
  8152 | Lair:1   | Noticed a fire crab (shapeshifter)
  8157 | Lair:1   | a fire crab changed into a redback
  9321 | Lair:2   | Identified the +9 quarterstaff of Mastery {freeze, rPois
                  | rN++ Int-5}
  9585 | Lair:2   | Reached skill level 5 in Invocations
  9625 | Lair:2   | Noticed a swamp dragon
  9626 | Lair:2   | Found a staircase to the Swamp.
  9643 | Lair:2   | Killed a swamp dragon
  9828 | Lair:2   | Identified the +9 spear of Checks and Balances {freeze,
                  | Str+3}
 10344 | Lair:2   | Reached skill level 1 in Polearms
 10344 | Lair:2   | Reached XP level 12. HP: 62/77 MP: 17/17
 10853 | Lair:3   | Found a staircase to the Snake Pit.
 11088 | Lair:3   | Noticed a five-headed hydra
 11109 | Lair:3   | Killed a five-headed hydra
 11604 | Lair:4   | Noticed a skyshark
 11617 | Lair:3   | Killed a skyshark
 11617 | Lair:3   | Reached *** piety under Qazlal
 11783 | Lair:3   | Reached skill level 5 in Polearms
 11979 | Lair:4   | Reached skill level 10 in Invocations
 12063 | Lair:4   | Noticed a death yak
 12064 | Lair:4   | Noticed a death yak
 12065 | Lair:4   | Noticed a death yak
 12065 | Lair:4   | Noticed a death yak
 12066 | Lair:4   | Noticed a death yak
 12092 | Lair:4   | Killed a death yak
 12107 | Lair:4   | Killed a death yak
 12126 | Lair:4   | Killed a death yak
 12138 | Lair:4   | Killed a death yak
 12159 | Lair:4   | Killed a death yak
 12160 | Lair:4   | Reached XP level 13. HP: 37/82 MP: 21/21
 12321 | Lair:4   | Found a staircase to the Slime Pits.
 12420 | Lair:4   | Noticed Rupert
 12540 | Lair:4   | Killed Rupert
 12541 | Lair:4   | Reached skill level 11 in Shields
 13186 | Lair:5   | Entered Level 5 of the Lair of Beasts
 13400 | Lair:5   | Noticed Snorg
 13639 | Lair:4   | Reached skill level 12 in Shields
 13902 | Lair:5   | Killed Snorg
 14959 | Lair:5   | Reached skill level 13 in Shields
 14967 | Lair:5   | Gained mutation: Your large and strong wings let you fly.
                  | [Gargoyle growth]
 14967 | Lair:5   | Reached XP level 14. HP: 70/90 MP: 23/23
 15589 | D:8      | Killed Jeremiah
 15678 | D:8      | Killed Gastronok
 16799 | D:10     | Entered Level 10 of the Dungeon
 16881 | D:10     | Noticed Dittersdorf's ghost (journeyman HuFi)
 16924 | D:10     | Reached **** piety under Qazlal
 16980 | D:10     | Found an ancient bone altar of Kikubaaqudgha.
 17119 | D:10     | Found a white marble altar of Elyvilon.
 17137 | D:10     | Noticed Urug
 17147 | D:10     | Killed Urug
 17275 | D:10     | Found a runed translucent door.
 17302 | D:10     | Noticed Erolcha
 17321 | D:10     | Killed Erolcha
 17594 | D:10     | Killed Dittersdorf's ghost
 17766 | D:11     | Reached skill level 14 in Shields
 17921 | D:11     | Found a staircase to the Orcish Mines.
 18100 | D:11     | Noticed Maurice
 18116 | D:11     | Killed Maurice
 18442 | D:11     | Identified the staff of the Sea {Drain rPois rF- rCorr
                  | Int+8 Poison}
 18493 | D:11     | Found a portal to a secret trove of treasure.
 18694 | D:12     | Reached ***** piety under Qazlal
 19253 | D:12     | Noticed Sonja
 19259 | D:12     | Killed Sonja
 19532 | Orc:1    | Entered Level 1 of the Orcish Mines
 20406 | Orc:2    | Entered Level 2 of the Orcish Mines
 20406 | Orc:2    | Found a staircase to the Elven Halls.
 20708 | Orc:2    | Reached XP level 15. HP: 97/97 MP: 24/24
 20735 | Orc:2    | Reached skill level 15 in Shields
 20849 | Orc:2    | Noticed an orc warlord
 20855 | Orc:2    | Killed from afar by an orc priest

Illustrated notes

Levels and vault maps discovered:
D:1:      amcnicky_arrival_feature_with_door, layout_rooms,
          chequers_ecumenical_altar_simple_redux
D:2:      layout_rooms
D:3:      layout_loops_corners, serial_undead, serial_undead_e, serial_undead_e,
          serial_undead_e, serial_undead_d, minmay_misc_feat_plants,
          minmay_misc_feat_doors
D:4:      layout_loops_ring, minmay_misc_feat_encased, uniq_robin
D:5:      layout_basic, serial_aquarium, aquarium_bridge_straight
          [aquarium_subvault_bridge, aquarium_subvault_wall,
          aquarium_subvault_bridge, aquarium_subvault_window],
          aquarium_bridge_square [aquarium_subvault_wall,
          aquarium_subvault_window, aquarium_subvault_bridge,
          aquarium_subvault_wall], aquarium_window_fake, aquarium_window_fake,
          aquarium_window_1, aquarium_view_2d, aquarium_balcony_1a,
          aquarium_pool_2, uniq_ijyb
D:6:      layout_loops_corners, xom_confusion_cloud, temple_green
D:7:      layout_loops_cross, minmay_misc_feat_secret_circle, grunt_decor_cap,
          corexii_corridor_pit, uniq_joseph
D:8:      layout_cave_pods, dpeg_oklobed_lair, minmay_gold_behind_fungi,
          uniq_maggie, uniq_jeremiah, uniq_gastronok, uniq_grum
D:9:      layout_stronghold, kennysheep_potato
D:10:     layout_irregular_city, elyvilon_altar_4, tgw_kikubaaqudgha,
          hellmonk_ghost_big_iron, serial_park_tiny_pond, uniq_urug,
          uniq_erolcha
D:11:     layout_irregular_city, erik_orc_4, enter_trove_6, uniq_maurice
D:12:     layout_roguey, minmay_unpleasant_kobolds, uniq_sonja
Temple:   compressed_dpeg_triangle_lava_temple
Lair:1:   layout_roguey, uniq_harold
Lair:2:   layout_roguey, minmay_swamp_entry_reptiles, serial_forest,
          infiniplex_forest_join, infiniplex_forest_lined_corner,
          infiniplex_forest_fountain, infiniplex_forest_lined_ring,
          infiniplex_forest_clump_medium, infiniplex_forest_clump_small,
          infiniplex_forest_straight_4, infiniplex_forest_lined_2,
          beast_lair_carwin_3
Lair:3:   layout_roguey, guppyfry_snake_entry_island
Lair:4:   layout_long_grid, slime_entry_1, grunt_megastairs_4, uniq_rupert
Lair:5:   grunt_lair_end_beastmaster, layout_hall_layers, disabler_island,
          uniq_snorg
Orc:1:    layout_diamond_mine, gammafunk_ghost_grave
Orc:2:    st_orc_congregation, layout_diamond_mine, nicolae_orc_lava_room

Skill      XL: |  1  2  3  4  5  6  7  8  9 10 11 12 13 14 15 |
---------------+----------------------------------------------+-----
Axes           | 2 3 4 5 6 7 8 |  8.3
Fighting       | 4 5 6 8 9 10 11 12 | 12.7
Shields        | 4 5 6 8 9 10 13 14 15 | 15.0
Armour         | 4 5 6 8 9 10 11 12 | 12.6
Invocations    | 7 11 12 13 | 13.3
Polearms       | 1 6 8 9 |  9.4

Action                     |  1- 3 |  4- 6 |  7- 9 | 10-12 | 13-15 || total
---------------------------+-------+-------+-------+-------+-------++-------
  Melee: War axe           |    92 |   101 |   383 |   386 |       ||   962
         Spear             |       |       |       |   313 |  1081 ||  1394
 Invoke: Upheaval          |       |       |       |     1 |     5 ||     6
         Elemental Force   |       |       |       |       |     3 ||     3
  Evoke: Wand              |       |       |       |     4 |       ||     4
    Use: Potion            |       |     2 |     3 |     8 |     1 ||    14
         Scroll            |       |     4 |    13 |     5 |     6 ||    28
   Stab: Paralysed         |       |       |       |       |     9 ||     9
         Distracted        |       |       |       |       |     1 ||     1
 Armour: Chain mail        |    55 |    92 |   391 |   520 |   175 ||  1233
         Scale mail        |     2 |       |       |       |       ||     2
         Plate armour      |       |       |       |       |   266 ||   266
  Dodge: Dodged            |    34 |    33 |   135 |   200 |   157 ||   559
         Repelled          |       |       |       |     1 |     7 ||     8
  Block: Buckler           |    32 |    20 |    97 |   246 |   300 ||   695

Table legend: (Time is in decaauts)
 A = Elapsed time spent in this place.
 B = Non-inter-level travel time spent in this place.
 C = Inter-level travel time spent in this place.
 D = Time resting spent in this place.
 E = Time spent auto-exploring this place.
 F = Levels seen in this place.
 G = Mean time per level.
                   A        B        C        D        E       F      G
               +--------+--------+--------+--------+--------+-----+--------+
         Total |  20583 |  19487 |   1096 |   3751 |  11734 |  20 | 1029.2 |
       Dungeon |  10997 |  10366 |    631 |    839 |   7448 |  12 |  916.4 |
        Temple |     34 |     18 |     16 |      0 |      0 |   1 |   34.0 |
          Lair |   8310 |   7915 |    395 |   2911 |   3305 |   5 | 1662.0 |
  Orcish Mines |   1241 |   1188 |     53 |      0 |    981 |   2 |  620.5 |
               +--------+--------+--------+--------+--------+-----+--------+

Top non-repeatable levels by time:
  Lair:2: 2293 daAuts
  Lair:5: 1765 daAuts
  Lair:1: 1602 daAuts
     D:6: 1419 daAuts
  Lair:4: 1348 daAuts
  Lair:3: 1299 daAuts
     D:8: 1208 daAuts
     D:7: 1202 daAuts
     D:5: 1174 daAuts
     D:9: 1001 daAuts
    D:11: 895 daAuts
    D:12: 843 daAuts
     D:3: 841 daAuts
   Orc:1: 834 daAuts
    D:10: 831 daAuts
